 Dungeon Crawl Stone Soup version 0.25-a0-865-gd392131cc7 (webtiles) character file.

Game seed: 5455561377854410575, levelgen mode: deterministic

206 EWolf27 the Cudgeler (level 5, -4/32 HPs)
             Began as a Gargoyle Fighter on Apr 30, 2020.
             Killed by divine providence
             ... invoked by an orc priest
              (12 damage)
             ... on level 3 of the Dungeon.
             The game lasted 00:09:14 (2792 turns).

EWolf27 the Cudgeler (Gargoyle Fighter)             Turns: 2792, Time: 00:09:15

Health: -4/32      AC: 14    Str: 20    XL:     5   Next: 84%
Magic:  5/5        EV:  5    Int:  9    God:
Gold:   95         SH:  9    Dex:  9    Spells: 4/4 levels left

rFire    . . .     SeeInvis .   a - +0 flail
rCold    . . .     Gourm    .   c - +0 kite shield
rNeg     + . .     Faith    .   i - +0 chain mail
rPois    ∞         Spirit   .   (no helmet)
rElec    +         Reflect  .   (no cloak)
rCorr    .         Harm     .   g - +0 pair of gloves
MR       .....                  (no boots)
Stlth    ..........             (no amulet)
HPRegen  0.10/turn              (no ring)
MPRegen  0.09/turn              (no ring)

@: no status effects
A: negative energy resistance 1, electricity resistance, unbreathing,
petrification resistance, rot immunity, AC +4
a: no special abilities


You were on level 3 of the Dungeon.
You were not hungry.

You visited 1 branch of the dungeon, and saw 3 of its levels.

You collected 95 gold pieces.

Inventory:

Hand Weapons
 a - a +0 flail (weapon)
Armour
 c - a +0 kite shield (worn)
 g - a +0 pair of gloves (worn)
 i - a +0 chain mail (worn)
Jewellery
 p - an uncursed amulet of faith {unknown}
Scrolls
 b - 4 scrolls of remove curse {unknown}
 h - a scroll of amnesia {unknown}
 j - a scroll of enchant weapon {unknown}
 k - 2 scrolls of identify {unknown}
 m - a scroll of fear {unknown}
 o - a scroll of noise {unknown}
Potions
 d - a potion of might
 e - 2 potions of haste {unknown}
 l - 3 potions of mutation {unknown}
 n - 2 potions of flight {unknown}
 r - a potion of degeneration {unknown}
Comestibles
 f - 2 rations
 q - 4 chunks of flesh


   Skills:
 - Level 3.2 Fighting
 + Level 5.9 Maces & Flails
 - Level 3.2 Armour
 - Level 3.2 Shields


You had 4 spell levels left.
You didn't know any spells.
Your spell library was empty.

Dungeon Overview and Level Annotations

Branches:
Dungeon (3/15)

Altars:
Cheibriados
Dithmenos
Kikubaaqudgha
Wu Jian

Annotations:
D:3 Purgy


Innate Abilities, Weirdness & Mutations

You are resistant to torment.
Your stone body is resilient. (AC +4)
You are immune to poison.
You resist negative energy. (rN+)
You are resistant to electric shocks. (rElec)
You can survive without breathing.
You are immune to petrification.
You are immune to rotting.


Message History

Your shield prevents you from hitting the ball python.
The ball python bites you but does no damage.
The ball python constricts you.
The ball python bites you but does no damage.
The ball python constricts you.
You sock the ball python!
You kill the ball python!
You block the orc's attack.
You hit the orc but do no damage.
The orc priest looks satisfied for a moment.
The orc hits you but does no damage.
You barely miss the orc.
The orc priest invokes the aid of Beogh against you.
Beogh smites you!
* * * LOW HITPOINT WARNING * * *
The orc hits you but does no damage.
You hit the orc but do no damage.
The orc priest mumbles some strange prayers to Beogh against you.
Beogh smites you!
You die...

#.# #.# #.#
#.## . #..#
.. ##.# ...
#.# ..%.
#.# ..#.#
#@#
.....o##o##
#.#.#..Joo#
#.......r.#
#.........#
###########


You could see an orc priest, an ooze, 2 orcs and a rat.

Vanquished Creatures
  An orc wizard (D:3)
  Terence (D:2)
  A worker ant (D:2)
  7 adders (D:2)
  2 oozes
  An adder zombie (D:2)
  2 worms (D:2)
  2 dart slugs
  9 orcs (D:3)
  A ball python (D:3)
  A bat skeleton (D:2)
  A giant cockroach (D:3)
  4 goblins
  3 hobgoblins
  A kobold (D:2)
  A quokka (D:2)
  3 bats
  A frilled lizard (D:2)
  A frilled lizard skeleton (D:2)
  A gnoll skeleton (D:2)
  5 rats
  A withered plant (D:2)
50 creatures vanquished.

Notes
Turn   | Place    | Note
-------+----------+-------------------------------------------
     0 | D:1      | EWolf27 the Gargoyle Fighter began the quest for the Orb.
     0 | D:1      | Reached XP level 1. HP: 14/14 MP: 1/1
   163 | D:1      | Reached XP level 2. HP: 19/19 MP: 2/2
   911 | D:2      | Noticed Terence
   945 | D:2      | Killed Terence
   945 | D:2      | Reached skill level 3 in Maces & Flails
   945 | D:2      | Reached XP level 3. HP: 23/23 MP: 3/3
  1065 | D:2      | Found an ancient bone altar of Kikubaaqudgha.
  1096 | D:2      | Became a worshipper of Kikubaaqudgha
  1097 | D:2      | Fell from the grace of Kikubaaqudgha
  1152 | D:2      | Found an ornate altar of the Wu Jian Council.
  1152 | D:2      | Found a snail-covered altar of Cheibriados.
  1152 | D:2      | Found a shadowy altar of Dithmenos.
  1250 | D:2      | Reached skill level 4 in Maces & Flails
  1270 | D:2      | Reached XP level 4. HP: 22/28 MP: 4/4
  1505 | D:2      | Reached skill level 5 in Maces & Flails
  1505 | D:2      | Reached XP level 5. HP: 18/32 MP: 5/5
  2209 | D:3      | Noticed Purgy
  2792 | D:3      | Killed from afar by an orc priest

Levels and vault maps discovered:
D:1:      mushboom_english_gardens, layout_basic, serial_park_tiny_2,
          roderic_serpentine_path
D:2:      minmay_razor_zed, layout_basic, kiku_gazebo_garden_becter,
          chequers_temple_overflow_statue_of_worship, bh_walls_and_bars,
          uniq_terence
D:3:      layout_basic, serial_glass, glass_columns_a, glass_columns_b,
          glass_columns_c, glass_columns_a, first_ration, ebering_ghost_sewer_d,
          uniq_purgy

Skill      XL: |  1  2  3  4 |
---------------+-------------+-----
Maces & Flails | 3 4 5 |  5.9
Fighting       | |  3.2
Armour         | |  3.2
Shields        | |  3.2

Action                   |  1- 3 |  4- 6 || total
-------------------------+-------+-------++-------
Melee: Flail             |   108 |   189 ||   297
Invok: Renounce Religion |     1 |       ||     1
  Eat: Chunk             |     1 |     3 ||     4
       Ration            |       |     1 ||     1
Armor: Chain mail        |    65 |   198 ||   263
       Scale mail        |     2 |       ||     2
Dodge: Dodged            |    27 |    62 ||    89
Block: Kite shield       |    46 |   114 ||   160

Table legend:
 A = Non-vault XP
 B = Vault XP
 C = Vault XP percentage of total XP
 D = Non-vault monster count
 E = Vault monster count
 F = Vault count percentage of total count
                 A         B        C        D         E       F
            +---------+---------+-------+---------+---------+-------
      Total |     158 |     137 |  46.4 |      35 |      10 |  22.2
            +---------+---------+-------+---------+---------+-------
        D:1 |      14 |       0 |   0.0 |       6 |       0 |   0.0
        D:2 |      55 |     137 |  71.4 |      11 |      10 |  47.6
        D:3 |      89 |       0 |   0.0 |      18 |       0 |   0.0
            +---------+---------+-------+---------+---------+-------
